 Dungeon Crawl Stone Soup version 0.29.1-1-gd02db6906a (webtiles) character file.

Game seed: 3617090712613327497

49 MisterFreud the Twirler (level 4, -2/33 HPs)
             Began as a Formicid Gladiator on Oct 22, 2022.
             Slain by a gnoll
             ... wielding a +0 club
              (7 damage)
             ... on level 2 of the Dungeon.
             The game lasted 00:01:14 (1159 turns).

MisterFreud the Twirler (Formicid Gladiator)        Turns: 1159, Time: 00:01:14

Health: -2/33      AC:  3    Str: 21    XL:     4   Next: 2%
Magic:  4/4        EV: 12    Int:  7    God:
Gold:   40         SH:  0    Dex: 15    Spells: 3/3 levels left

rFire   . . .      SeeInvis +   a - +0 quarterstaff
rCold   + . .      Faith    .   (no shield)
rNeg    . . .      Spirit   .   b - +0 leather armour
rPois   .          Reflect  .   (helmet unavailable)
rElec   .          Harm     .   (no cloak)
rCorr   .          Rampage  .   (no gloves)
Will    .....                   (no boots)
Stlth   +.........              (no amulet)
HPRegen 0.11/turn               f - ring of protection from cold
MPRegen 0.09/turn               (no ring)

@: no status effects
A: permanent stasis, dig shafts and tunnels, antennae 3, four strong arms
a: Dig, Shaft Self


You were on level 2 of the Dungeon.
You visited 1 branch of the dungeon, and saw 2 of its levels.

You collected 40 gold pieces.

Inventory:

Hand Weapons
 a - a +0 quarterstaff (weapon)
Missiles
 c - 3 throwing nets (quivered)
 d - a javelin
 l - 5 poisoned darts
Armour
 b - a +0 leather armour (worn)
Jewellery
 f - a ring of protection from cold (left hand)
 j - a ring of magical power
 k - a +4 ring of protection
Scrolls
 e - a scroll of identify
Potions
 i - a potion of heal wounds


   Skills:
 - Level 2.1 Fighting
 + Level 3.8 Staves
 - Level 3.1 Throwing
 - Level 2.6 Dodging


You had 3 spell levels left.
You didn't know any spells.
Your spell library was empty.

Dungeon Overview and Level Annotations

Branches:
Dungeon (2/15)

Altars:


Innate Abilities, Weirdness & Mutations

You cannot be hasted, slowed, berserked, paralysed or teleported.
You can dig through walls and to a lower floor.
You have a pair of large antennae on your head. (SInv)
Your four strong arms can wield two-handed weapons with a shield.


Message History

An adder is nearby!
The adder hisses angrily.
There are monsters nearby!
The adder barely misses you. The adder attacks as you move away!
The adder bites you.
You are poisoned.
The adder poisons you!
You feel sick.
You thump the adder!
The adder is severely wounded.
You feel sick. The adder closely misses you.
The adder bites you but does no damage.
You closely miss the adder.
The adder is severely wounded.
You feel sick. The adder bites you.
You closely miss the adder.
The adder is severely wounded.
You feel sick. The adder bites you but does no damage.
The adder closely misses you.
You sock the adder!
You kill the adder!
You feel sick.
You are no longer poisoned.
The gnoll hits you with a +0 club!
You have reached level 4!
You feel stronger.
You hit the gnoll.
The gnoll is moderately wounded.
The gnoll hits you with a +0 club.
You hit the gnoll but do no damage.
The gnoll is moderately wounded.
The gnoll hits you with a +0 club.
* * * LOW HITPOINT WARNING * * *
You hit the gnoll. Your punch misses the gnoll.
The gnoll is heavily wounded.
The gnoll hits you with a +0 club.
* * * LOW HITPOINT WARNING * * *
You barely miss the gnoll.
The gnoll is heavily wounded.
The gnoll hits you with a +0 club!
You die...

#. #.##...# #. # #...#
... #. #g..# ####.#
#.##.#g#
..$.######...<..#######
#.......###....)......
#.........#.S###..####
#...###.#.#รท.# ..#
#....@g....... ...
#....##.#....## .#.#
#.......#....# #.#
#...<......... .
#####.####.##. .# #. .
.# { .# .#


You could see a gnoll.

Vanquished Creatures
  2 gnolls
  An adder (D:2)
  3 endoplasms
  A giant cockroach (D:1)
  3 goblins (D:1)
  2 hobgoblins (D:1)
  5 ball pythons
  A bat (D:1)
  A frilled lizard (D:1)
  3 kobolds
  A rat (D:1)
23 creatures vanquished.

Notes
Turn   | Place    | Note
-------+----------+-------------------------------------------
     0 | D:1      | MisterFreud the Formicid Gladiator began the quest for the
                  | Orb.
     0 | D:1      | Reached XP level 1. HP: 16/16 MP: 1/1
   145 | D:1      | Reached XP level 2. HP: 21/22 MP: 2/2
   901 | D:2      | Reached XP level 3. HP: 25/27 MP: 3/3
  1156 | D:2      | Reached XP level 4. HP: 14/33 MP: 4/4
  1159 | D:2      | Slain by a gnoll

Illustrated notes

Levels and vault maps discovered:
D:1:      heliophobic_arrival_battle_scene, layout_basic, kennysheep_boxes
D:2:      minmay_diamond_boxcup, layout_loops_cross,
          shapermc_ecumenical_altar_acropolis, uniq_natasha

Skill      XL: |  1  2 |
---------------+-------+-----
Throwing       | 3 |  3.1
Fighting       | |  2.1
Staves         | |  3.8
Dodging        | |  2.6

Action                   |  1- 3 |  4- 6 || total
-------------------------+-------+-------++-------
Melee: Quarterstaff      |    47 |     4 ||    51
       Punch             |     2 |       ||     2
  Use: Scroll            |     3 |       ||     3
Armor: Leather armour    |    11 |       ||    11
Dodge: Dodged            |    34 |       ||    34
